 Dungeon Sprint DCSS version 0.15-a0-1485-g692b94f (webtiles) character file.

14 PolkaDot the Vexing (level 2, 19/19 HPs)
             Began as a Vampire Enchanter on June 14, 2014.
             Quit the game in the Dungeon (Sprint IX: "|||||||||||||||||||||||||||||").
             The game lasted 00:01:24 (211 turns).

PolkaDot the Vexing (Vampire Enchanter)              Turns: 211, Time: 00:01:24

HP  19/19        AC  3     Str  7      XL: 2   Next: 27%
MP   4/4         EV 12     Int 17      God:
Gold 0           SH  0     Dex 14      Spells:  2 memorised,  2 levels left

rFire  . . .     SeeInvis +     a - +1 dagger
rCold  . . .     Clarity  .     b - +1 robe
rNeg   + . .     rCorr    .     (no shield)
rPois  .         rRot     .     (no helmet)
rElec  .         Spirit   .     (no cloak)
SustAb .         Warding  .     (no gloves)
rMut   .         NoTele   +     (no boots)
Gourm  .                        (no amulet)
MR     .....                    (no ring)
                                (no ring)

@: not resistant to hostile enchantments, fairly stealthy
A: fangs 3, see invisible, unbreathing
a: no special abilities


You were in the Dungeon.
You were not thirsty.

You visited 1 branch

Inventory:

Hand weapons
 a - a +1,+1 dagger (weapon)
Armour
 b - a +1 robe (worn)
Scrolls
 j - a scroll of blinking
Potions
 d - a potion of blood {@w2}
 e - a potion of curing
 f - a potion of heal wounds
 g - a potion of haste
 h - 2 potions of magic
 i - a potion of berserk rage
Books
 c - a book of Maledictions

   Spells                             Type                      Level
   *Corona                            Hexes                        1
   Sure Blade                         Hexes/Charms                 2
   *Ensorcelled Hibernation           Hexes/Ice                    2
   Confuse                            Hexes                        3
   Dazzling Spray                     Conjuration/Hexes            3
   Enslavement                        Hexes                        4


   Skills:
 - Level 3.0 Short Blades
 - Level 2.1 Dodging
 + Level 5.9 Stealth
 - Level 2.0 Spellcasting
 * Level 6.1 Hexes
 + Level 0.0 Ice Magic


You had 2 spell levels left.
You knew the following spells:

 Your Spells              Type           Power        Failure   Level  Hunger
a - Corona                Hex            ###....      1%          1    #......
d - Ensorcelled Hibernat  Hex/Ice        ##....       10%         2    ###....


Dungeon Overview and Level Annotations

Branches:
Dungeon (1/1)

Altars:
Cheibriados
Dithmenos
Elyvilon
Fedhas
Gozag
Kikubaaqudgha
Makhleb
Nemelex Xobeh
Okawaru
Qazlal
Sif Muna
Trog
Vehumet
Xom
Yredelemnul
Zin
The Shining One
Beogh
Jiyva
Lugonu


Innate Abilities, Weirdness & Mutations

You have razor-sharp teeth.
You have supernaturally acute eyesight.
You can survive without breathing.


Message History

Found a white marble altar of Elyvilon.
There is a basalt altar of Yredelemnul here.
Found a roughly hewn altar of Beogh.
There is a shimmering altar of Xom here.
Found a viscous altar of Jiyva.
There is a radiant altar of Vehumet here.
Found a corrupted altar of Lugonu.
There is an iron altar of Okawaru here.
Found a blossoming altar of Fedhas.
There is a burning altar of Makhleb here.
Found a snail-covered altar of Cheibriados.
There is a deep blue altar of Sif Muna here.
Found a shadowy altar of Dithmenos.
There is a bloodstained altar of Trog here.
Found a stormy altar of Qazlal.
There is a sparkling altar of Nemelex Xobeh here.
Found an opulent altar of Gozag.
There is a white marble altar of Elyvilon here.
There is a roughly hewn altar of Beogh here.
Are you sure you want to abandon this character and quit the game? (Confirm with "yes".) ▓▓▓▓▓▓▓▓▓▓▓▓▓▓▓▓▓▓▓▓▓▓▓▓▓ )..'____________@_______+ ▓▓▓▓▓▓▓▓▓▓▓▓▓▓▓▓▓▓▓▓▓▓▓▓▓

There were no monsters in sight!

Vanquished Creatures
  A giant gecko (D)
  An orc (D)
  A ball python (D)
  A bat zombie (D)
  A giant cockroach (D)
  A goblin (D)
  2 hobgoblins (D)
  2 rats (D)
10 creatures vanquished.

Notes
Turn   | Place    | Note
--------------------------------------------------------------
     0 | D        | PolkaDot, the Vampire Enchanter, began the quest for the Orb.
     0 | D        | Reached XP level 1. HP: 13/13 MP: 3/3
    10 | D        | Reached skill level 5 in Stealth
    10 | D        | Reached skill level 5 in Hexes
    94 | D        | Reached XP level 2. HP: 19/19 MP: 4/4
   117 | D        | Reached skill level 6 in Hexes
   194 | D        | Learned a level 2 spell: Ensorcelled Hibernation
   196 | D        | Found a glowing silver altar of Zin.
   196 | D        | Found a glowing golden altar of the Shining One.
   196 | D        | Found an ancient bone altar of Kikubaaqudgha.
   196 | D        | Found a basalt altar of Yredelemnul.
   196 | D        | Found a shimmering altar of Xom.
   196 | D        | Found a radiant altar of Vehumet.
   196 | D        | Found an iron altar of Okawaru.
   197 | D        | Found a burning altar of Makhleb.
   198 | D        | Found a deep blue altar of Sif Muna.
   199 | D        | Found a bloodstained altar of Trog.
   200 | D        | Found a sparkling altar of Nemelex Xobeh.
   201 | D        | Found a white marble altar of Elyvilon.
   202 | D        | Found a roughly hewn altar of Beogh.
   203 | D        | Found a viscous altar of Jiyva.
   204 | D        | Found a corrupted altar of Lugonu.
   205 | D        | Found a blossoming altar of Fedhas.
   206 | D        | Found a snail-covered altar of Cheibriados.
   207 | D        | Found a shadowy altar of Dithmenos.
   208 | D        | Found a stormy altar of Qazlal.
   209 | D        | Found an opulent altar of Gozag.
   211 | D        | Quit the game

Action                   || total
-------------------------++-------
Melee: Dagger            ||    39
 Stab: Sleeping          ||     2
